 Dungeon Crawl Stone Soup version 0.22-a0-402-ga933591 (webtiles) character file.

444 KristoblXynda the Ruffian (level 6, -4/53 HPs)
             Began as a Troll Wizard on May 4, 2018.
             Was an Initiate of Ashenzari.
             Slain by an ogre
             ... wielding a cursed -1 giant spiked club
              (31 damage)
             ... on level 5 of the Dungeon on May 6, 2018.
             The game lasted 00:06:58 (3010 turns).

KristoblXynda the Ruffian (Troll Wizard)            Turns: 3010, Time: 00:06:59

Health: -4/53      AC:  5    Str: 16    XL:     6   Next: 72%
Magic:  9/9        EV:  9    Int: 16    God:    Ashenzari [......]
Gold:   256        SH:  0    Dex:  8    Spells: 6/10 levels left

rFire    . . .     SeeInvis .     - Unarmed
rCold    . . .     Gourm    +   (no shield)
rNeg     . . .     Faith    .   a - +0 robe
rPois    .         Spirit   .   b - +0 hat
rElec    .         Reflect  .   (no cloak)
rCorr    .         Harm     .   (gloves unavailable)
MR       .....                  (boots unavailable)
Stlth    +.........             (no amulet)
HPRegen  0.57/turn              (no ring)
MPRegen  0.11/turn              (no ring)

@: no status effects
A: large, unfitting armour, claws 3, fast metabolism 3, gourmand, regeneration
1, shaggy fur 1, tough skin 2
a: Curse Item, Renounce Religion


You were on level 5 of the Dungeon.
You worshipped Ashenzari.
Ashenzari was noncommittal.
You were not hungry.

You visited 2 branches of the dungeon, and saw 6 of its levels.

You collected 256 gold pieces.

Inventory:

Armour
 a - a +0 robe (worn)
 b - a +0 hat (worn)
Scrolls
 e - 2 scrolls of amnesia {unknown}
 g - 2 scrolls of teleportation {unknown}
 j - 2 scrolls of fog {unknown}
 l - a scroll of fear {unknown}
 o - 3 scrolls of blinking
 p - 3 scrolls of remove curse
 q - a scroll of noise {unknown}
 r - a scroll of random uselessness {unknown}
 u - a scroll of magic mapping {unknown}
Potions
 c - 2 potions of curing
 f - 2 potions of brilliance {unknown}
 h - 4 potions of might
 i - a potion of heal wounds {unknown}
 k - 4 potions of flight
 m - a potion of resistance {unknown}
 n - 2 potions of haste {unknown}
 s - a potion of agility {unknown}
 t - a potion of lignification {unknown}
Comestibles
 d - 9 rations
 v - a chunk of flesh


   Skills:
 - Level 1.5 Dodging
 - Level 1.0 Stealth
 * Level 4.8 Unarmed Combat
 + Level 2.9 Spellcasting
 + Level 2.5 Conjurations
   Level 0.6 Summonings
   Level 0.6 Translocations


You had 6 spell levels left.
You knew the following spells:

 Your Spells              Type           Power        Failure   Level  Hunger
a - Magic Dart            Conj           ##..         7%          1    #......
b - Mephitic Cloud        Conj/Pois/Air  #.......     38%         3    ###....


Dungeon Overview and Level Annotations

Branches:
Dungeon (5/15)             Temple (1/1) D:4

Altars:
Ashenzari
Cheibriados
Elyvilon
Fedhas
Gozag
Hepliaklqana
Kikubaaqudgha
Makhleb
Okawaru
Ru
Sif Muna
Trog
Uskayaw
Wu Jian
Xom
Zin


Innate Abilities, Weirdness & Mutations

You are too large for most types of armour.
You have claws for hands.
Your metabolism is lightning-fast.
You like to eat raw meat.
Your natural rate of healing is unusually fast.
You are covered in fur. (AC +1)
You have very tough skin. (AC +2)


Message History

You claw the crimson imp!
You kill the crimson imp!
There is an open door here.
You claw the ogre!
The ogre is moderately wounded.
The ogre hits you with a giant spiked club!
Your magical contamination has completely faded away.
You barely miss the ogre.
The ogre is moderately wounded.
The ogre hits you with a giant spiked club!
You claw the ogre!
The ogre is severely wounded.
You scratch the ogre.
The ogre is severely wounded.
The ogre barely misses you.
You scratch the ogre but do no damage.
The ogre is severely wounded.
The ogre hits you with a giant spiked club!!
Ouch! That really hurt!
You die...

#.............#
###).######...#
##)#....#.###
#..#....#.#
#..#....#.#
#..#....#.#
...#....#.#
.##.##'###.# .
#....O@..# .
#####.#### #.#
... .....
...... #.......
#......#


You could see an ogre.

Vanquished Creatures
  An ogre (D:4)
  A scorpion (D:4)
  A crimson imp (D:5)
  A hound (D:4)
  A bullfrog skeleton (D:4)
  A centaur skeleton (D:4)
  2 worker ants (D:4)
  4 gnolls
  2 adders
  An adder skeleton (D:4)
  A worm (D:2)
  3 dart slugs
  2 leopard geckos
  7 orcs (D:3)
  A giant cockroach (D:3)
  9 goblins
  7 hobgoblins
  8 jackals
  5 kobolds
  A quokka (D:4)
  A ball python (D:3)
  4 bats
  5 frilled lizards
  2 leopard gecko skeletons (D:4)
  6 rats
77 creatures vanquished.

Notes
Turn   | Place    | Note
-------+----------+-------------------------------------------
     0 | D:1      | KristoblXynda the Troll Wizard began the quest for the Orb.
     0 | D:1      | Reached XP level 1. HP: 16/16 MP: 2/2
     0 | D:1      | Upgraded the game from 0.22-a0-398-g8bb545f to 0.22-a0-402-ga933591
   111 | D:1      | Reached skill level 1 in Unarmed Combat
   169 | D:1      | Reached skill level 1 in Conjurations
   169 | D:1      | Reached XP level 2. HP: 23/24 MP: 4/4
   428 | D:1      | Reached XP level 3. HP: 31/31 MP: 5/5
   503 | D:1      | Learned a level 3 spell: Mephitic Cloud
   818 | D:2      | Reached skill level 2 in Unarmed Combat
  1074 | D:2      | Found a burning altar of Makhleb.
  1452 | D:3      | Reached XP level 4. HP: 39/39 MP: 6/6
  1609 | D:3      | Found a shattered altar of Ashenzari.
  1701 | D:3      | Became a worshipper of Ashenzari the Shackled
  1917 | D:3      | Reached skill level 3 in Unarmed Combat
  2128 | D:4      | Reached XP level 5. HP: 33/45 MP: 7/7
  2170 | D:4      | Noticed an ogre
  2181 | D:4      | Killed an ogre
  2181 | D:4      | Reached skill level 4 in Unarmed Combat
  2277 | D:4      | Reached XP level 6. HP: 37/53 MP: 9/9
  2560 | D:4      | Found a staircase to the Ecumenical Temple.
  2771 | D:4      | Found an ornate altar of the Wu Jian Council.
  2893 | Temple   | Entered the Ecumenical Temple
  2963 | D:5      | Entered Level 5 of the Dungeon
  3010 | D:5      | Slain by an ogre

Vault maps used:
D:1:      sevenhm_arrival_forest_fort_large_4
D:2:      old_standard_altar
D:3:      lemuel_crystal_altar, first_ration, st_stairs_11
D:4:      lemuel_coloured_pillars_altar, minmay_temple_entry_hall,
          serial_bayou_ford_a
D:5:      marbit_many_paths, chequers_temple_overflow_minitemple,
          lightli_sewer_entry_pipes, solitary_fountain, nrook_mini_vaults
Temple:   nicolae_temple_god_jail

Skill      XL: |  1  2  3  4  5 |
---------------+----------------+-----
Unarmed Combat | 1 2 3 4 |  4.8
Conjurations   | 1 2 |  2.5
Dodging        | |  1.5
Stealth        | |  1.0
Spellcasting   | |  2.9
Summonings     | |  0.6
Translocations | |  0.6

Action                   |  1- 3 |  4- 6 || total
-------------------------+-------+-------++-------
Melee: Unarmed           |   106 |   131 ||   237
       Punch             |       |     2 ||     2
  Use: Scroll            |       |     5 ||     5
 Stab: Sleeping          |     3 |     1 ||     4
  Eat: Chunk             |    19 |     9 ||    28
Armor: Robe              |    36 |    34 ||    70
Dodge: Dodged            |    47 |    45 ||    92

Table legend:
 A = Spawn XP
 B = Non-spawn XP
 C = Spawn XP percentage of total XP
 D = Spawn monster count
 E = Non-spawn monster count
 F = Spawn count percentage of total count
 G = Total turns spent on level
                    A         B        C        D         E        F      G
               +---------+---------+-------+---------+---------+-------+---------
         Total |       0 |     635 |   0.0 |       0 |      77 |   0.0 |  3010
               +---------+---------+-------+---------+---------+-------+---------
           D:1 |       0 |      49 |   0.0 |       0 |      20 |   0.0 |   798
           D:2 |       0 |      44 |   0.0 |       0 |      17 |   0.0 |   618
           D:3 |       0 |      63 |   0.0 |       0 |      24 |   0.0 |   658
           D:4 |       0 |     390 |   0.0 |       0 |      12 |   0.0 |   835
           D:5 |       0 |      89 |   0.0 |       0 |       4 |   0.0 |    47
               +---------+---------+-------+---------+---------+-------+---------
